cohdb
Replays
Latest Replays
All Replays
Popular Replays
Top Player Replays
Match Explorer
How It Works
Community
CoH3 Stats
Reddit
Sign in to upload your games and track your stats! →
Sign in with Steam
Match 45247969
Unlisted
Match 45247969
Overview
Messages
Build Orders
End
Construct Section Command Post
Dingo Light Scout Car
Infantry Section
Selects Canadian Shock Battlegroup
Vickers Machine Gun Team
Infantry Section
Selects Attacking Spirit
Construct Field Infirmary
Selects Canadian Shock Section
Canadian Shock Section
Construct Platoon Command Post
Selects Incendiary Munitions
6-pounder Anti-tank Gun Team
Construct Company Command Post
Grenade Package
Selects Pyrotechnics
Matilda II Heavy Tank
Foot Guards Section
Unlock M3 Stuart Light Tanks
Unlock M3 Grant Medium Tanks
Foot Guards Section
M3 Grant Medium Tank
Vallhalla
一十四叔
timezzzz
-=GX=-
Whackeygrunt
Sebulous
knappik2
vincent
0
0
Comments
sign in to comment!
No comments posted yet!